 Dungeon Crawl Stone Soup version 0.22-a0-580-gd5db89c (webtiles) character file.

12302 Amnesiac the Eclecticist (level 11, 0/47 HPs)
             Began as a Spriggan Earth Elementalist on July 2, 2018.
             Was a Believer of Uskayaw.
             Slain by a hornet (13 damage)
             ... while paralysed by a hornet
             ... on level 10 of the Dungeon.
             The game lasted 00:27:44 (12832 turns).

Amnesiac the Eclecticist (SpEE)                    Turns: 12832, Time: 00:27:45

Health: 0/47       AC:  3    Str:  4    XL:     11   Next: 60%
Magic:  15/32      EV:  4    Int: 20    God:    Uskayaw [**....]
Gold:   415        SH:  0    Dex: 19    Spells: 26/42 levels left

rFire    . . .     SeeInvis +   a - +0 dagger
rCold    . . .     Gourm    .   (shield restricted)
rNeg     . . .     Faith    .   c - +0 robe
rPois    .         Spirit   .   (helmet restricted)
rElec    .         Reflect  .   C - +0 cloak
rCorr    .         Harm     .   (gloves unavailable)
MR       +....                  (boots unavailable)
Stlth    +++.......             (no amulet)
HPRegen  0.15/turn              l - +2 ring of dexterity
MPRegen  0.23/turn              (no ring)

@: paralysed, lethally poisoned (0 -> -7), slowed, very quick
A: very small, unfitting armour, see invisible, herbivore, speed 3, slow
metabolism 2
a: Stomp, Line Pass, Renounce Religion


You were on level 10 of the Dungeon.
You worshipped Uskayaw.
Uskayaw was noncommittal.
You were not hungry.

You visited 2 branches of the dungeon, and saw 11 of its levels.
You also visited: Sewer and Ossuary.

You collected 415 gold pieces.

Inventory:

Hand Weapons
 a - a +0 dagger (weapon)
 b - a +2 whip of electrocution
Missiles
 t - 4 throwing nets
 G - 73 stones (quivered)
Armour
 c - a +0 robe (worn)
 j - a +0 buckler
 C - a +0 cloak (worn)
 F - a +0 troll leather armour
Jewellery
 l - a +2 ring of dexterity (left hand)
 J - an uncursed ring of magical power {unknown}
Wands
 y - a wand of polymorph (25)
 I - a wand of disintegration (12)
Scrolls
 f - 7 scrolls of remove curse {!r}
 g - 3 scrolls of blinking {!r, unknown}
 h - 12 scrolls of identify {!r}
 k - 3 scrolls of enchant armour {!r, unknown}
 m - a scroll of noise {!r, unknown}
 n - 2 scrolls of enchant weapon {!r, unknown}
 q - a scroll of fog {!r, unknown}
 r - 3 scrolls of random uselessness {!r, unknown}
 v - 3 scrolls of teleportation {!r, unknown}
 z - a scroll of amnesia {!r, unknown}
 K - a scroll of fear {!r, unknown}
Potions
 e - a potion of invisibility {!q}
 i - 7 potions of curing {!q}
 o - 6 potions of heal wounds {!q}
 p - 3 potions of mutation {!q}
 s - 2 potions of brilliance {!q, unknown}
 u - 3 potions of haste {!q}
 w - a potion of ambrosia {!q}
 x - 3 potions of flight {!q, unknown}
 A - a potion of resistance {!q, unknown}
 B - a potion of berserk rage {!q, unknown}
 D - a potion of cancellation {!q, unknown}
 E - a potion of degeneration {!q, unknown}
Miscellaneous
 H - a sack of spiders
Comestibles
 d - 13 rations


   Skills:
 * Level 5.3 Short Blades
 - Level 3.0 Dodging
 + Level 5.3 Stealth
 + Level 16.4 Spellcasting
 - Level 8.0 Transmutations
 - Level 8.0 Earth Magic


You had 26 spell levels left.
You knew the following spells:

 Your Spells              Type           Power        Failure   Level  Hunger
a - Stone Arrow           Conj/Erth      ####..       1%          3    None
b - Passwall              Tmut/Erth      #####...     1%          2    None
c - Sandblast             Erth           #####.       1%          1    None
d - Lee's Rapid Deconstr  Erth           #####.....   3%          5    ###....
e - Petrify               Tmut/Erth      #####...     1%          4    None
z - Confusing Touch       Hex            ###...       3%          1    None

Your spell library contained the following spells:

 Spells                   Type           Power        Failure   Level  Hunger
 Apportation              Tloc           ###...       3%          1    None
 Confuse                  Hex            ###.....     11%         3    None
 Summon Small Mammal      Summ           ###.         3%          1    None
 Animate Skeleton         Necr           N/A          3%          1    None
 Tukima's Dance           Hex            ###.....     11%         3    None
 Ensorcelled Hibernation  Hex/Ice        ###...       5%          2    None
 Metabolic Englaciation   Hex/Ice        ###.......   69%         5    ###....
 Corona                   Hex            ###....      3%          1    None
 Dazzling Spray           Conj/Hex       ###...       11%         3    None
 Gell's Gravitas          Tloc           ###.......   11%         3    None
 Yara's Violent Unravell  Hex/Tmut       ####......   19%         5    ###....


Dungeon Overview and Level Annotations

Branches:
Dungeon (10/15)            Temple (1/1) D:6            Lair (0/6) D:8
    Orc: D:9-12

Altars:
Ashenzari
Cheibriados
Dithmenos
Elyvilon
Fedhas
Gozag
Hepliaklqana
Kikubaaqudgha
Makhleb
Nemelex Xobeh
Okawaru
Qazlal
Ru
Sif Muna
Trog
Uskayaw
Vehumet
Wu Jian
Xom
Yredelemnul
Zin
The Shining One


Innate Abilities, Weirdness & Mutations

You are very small and have problems with some larger weapons.
You are too small for most types of armour.
You have supernaturally acute eyesight. (SInv)
You are a herbivore.
You cover ground extremely quickly.
You need to consume almost no food.


Message History

You kill the ogre!
Things that are here:
a giant club; an ogre corpse
Casting: Stone Arrow (safe; 1% risk of failure)
Confirm with . or Enter, or press ? or * to list all spells.
Aiming: Stone Arrow (safe; 1% risk of failure)
Press: ? - help, Shift-Dir - straight line, f - worker ant
Aim: a worker ant The stone arrow hits the worker ant.
The worker ant is heavily wounded.
You can now pass through a line of other dancers.
Casting: Stone Arrow (safe; 1% risk of failure)
Confirm with . or Enter, or press ? or * to list all spells.
Aiming: Stone Arrow (safe; 1% risk of failure)
Press: ? - help, Shift-Dir - straight line, f/p - worker ant
Aim: a worker ant (heavily wounded)
The stone arrow misses the worker ant.
The worker ant completely misses you.
Casting: Stone Arrow (safe; 1% risk of failure)
Confirm with . or Enter, or press ? or * to list all spells.
Aiming: Stone Arrow (safe; 1% risk of failure)
Press: ? - help, Shift-Dir - straight line, f/p - worker ant
Aim: a worker ant (heavily wounded)
The stone arrow hits the worker ant.
You kill the worker ant!
You can no longer pass through a line of other dancers.
A hornet and 3 orcs come into view.
There are monsters nearby!
There are monsters nearby!
An orc comes into view. It is wielding a dagger.
Found a scroll labeled IQOKUY AHAOB.
The orc shouts! x2; You hear a shout!
The hornet buzzes angrily.
The hornet barely misses you.
Casting: Stone Arrow (safe; 1% risk of failure)
Confirm with . or Enter, or press ? or * to list all spells.
Aiming: Stone Arrow (safe; 1% risk of failure)
Press: ? - help, Shift-Dir - straight line, f - hornet
Aim: a hornet The stone arrow misses the hornet.
The hornet closely misses you. x2
Unknown command.
Casting: Stone Arrow (safe; 1% risk of failure)
Confirm with . or Enter, or press ? or * to list all spells.
Aiming: Stone Arrow (safe; 1% risk of failure)
Press: ? - help, Shift-Dir - straight line, f/p - hornet
Aim: a hornet The stone arrow hits the hornet.
The hornet is lightly wounded.
The hornet stings you!
You feel yourself slow down.
Casting: Stone Arrow (safe; 1% risk of failure)
Confirm with . or Enter, or press ? or * to list all spells.
Aiming: Stone Arrow (safe; 1% risk of failure)
Press: ? - help, Shift-Dir - straight line, f/p - hornet
Aim: a hornet (lightly wounded)
The stone arrow hits the hornet.
The hornet is severely wounded.
The hornet stings you!
* * * LOW HITPOINT WARNING * * *
You suddenly lose the ability to move!
The hornet stings you.
* * * LOW HITPOINT WARNING * * *
You are poisoned.
You feel as though you will be slow longer.
You can now pass through a line of other dancers.
You feel sick. The hornet stings you!
You die...

†.....# .####.# ...
.# #.# #.# .# #.#
#.# .# #.# #.# .#
#.# #.# .# #.# #.#
.# ##.## #y# .#
#...# #@#
.###.#.### #.#
.#...#...# #.#
.#.#####.#######o##
.....#..........o.#
###..#.#.#######..#
# #....#.# #..# #
#.####.# ?..# # #)#
#.# ..o#


You could see a hornet and 2 orcs.

Vanquished Creatures
  3 two-headed ogres
  Pikel (D:5)
  2 trolls
  6 slime creatures (D:9)
  3 hippogriffs
  10 yaks
  A human (D:7)
  4 hogs (D:7)
  A water moccasin (D:7)
  4 porcupines (D:8)
  2 orc warriors
  3 sky beasts
  4 slaves (D:5)
  A necrophage (D:8)
  7 ogres
  3 ice beasts
  2 centaurs
  5 crocodiles
  A big kobold (Sewer)
  6 bullfrogs
  Blork the orc (D:4)
  2 wyvern zombies
  4 scorpions
  3 killer bees (D:9)
  12 wights
  4 howler monkeys
  An electric eel (D:8)
  3 crimson imps
  4 centaur zombies
  Crazy Yiuf (D:6)
  2 hounds
  A jelly (D:3)
  10 orc wizards
  2 centaur skeletons
  An iguana (D:7)
  Ijyb (D:4)
  7 worker ants
  2 hound zombies
  6 mummies (Ossuary)
  Robin (D:4)
  A howler monkey zombie (D:7)
  9 adders
  4 gnolls
  3 river rats
  4 shadow imps
  2 oozes
  An adder skeleton (D:4)
  3 worms
  4 dart slugs
  4 leopard geckos
  36 orcs
  2 ball pythons
  6 bats
  6 giant cockroaches
  10 hobgoblins
  23 jackals
  10 kobolds
  3 quokkas
  9 frilled lizards
  A giant cockroach zombie (D:6)
  13 goblins
  3 hobgoblin zombies (Ossuary)
  A jackal zombie (D:7)
  13 rats
308 creatures vanquished.

Vanquished Creatures (others)
  5 fungi (D:8)
  7 plants (D:8)
12 creatures vanquished.

Grand Total: 320 creatures vanquished

Notes
Turn   | Place    | Note
-------+----------+-------------------------------------------
     0 | D:1      | Amnesiac the Spriggan Earth Elementalist began the quest for the Orb.
     0 | D:1      | Reached XP level 1. HP: 9/9 MP: 5/5
    66 | D:1      | Reached skill level 3 in Spellcasting
    69 | D:1      | Reached XP level 2. HP: 3/13 MP: 0/7
    73 | D:1      | Learned a level 2 spell: Passwall
   955 | D:1      | Reached XP level 3. HP: 16/16 MP: 6/8
  2195 | D:3      | Reached XP level 4. HP: 16/21 MP: 10/10
  2203 | D:3      | Learned a level 3 spell: Stone Arrow
  2214 | D:3      | Found a blossoming altar of Fedhas.
  2223 | D:4      | Noticed Robin
  2583 | D:4      | Killed Robin
  2620 | D:3      | Reached XP level 5. HP: 9/24 MP: 2/11
  2627 | D:3      | Learned a level 5 spell: Lee's Rapid Deconstruction
  3179 | D:3      | Reached skill level 4 in Spellcasting
  3428 | D:4      | Found a stormy altar of Qazlal.
  3433 | D:4      | Learned a level 1 spell: Confusing Touch
  3515 | D:4      | Reached XP level 6. HP: 21/28 MP: 5/13
  3778 | D:4      | Noticed Ijyb
  3925 | D:4      | Killed Ijyb
  3953 | D:4      | Reached skill level 5 in Earth Magic
  4069 | D:4      | Noticed Blork the orc
  4073 | D:4      | Killed Blork the orc
  4073 | D:4      | Reached skill level 5 in Spellcasting
  4073 | D:4      | Reached skill level 5 in Transmutations
  4091 | D:5      | Entered Level 5 of the Dungeon
  4112 | D:5      | Found a glowing drain.
  4181 | D:5      | Noticed Pikel
  4181 | D:5      | Noticed a slave
  4181 | D:5      | Noticed a slave
  4181 | D:5      | Noticed a slave
  4181 | D:5      | Noticed a slave
  4356 | D:5      | Found a sand-covered staircase.
  4362 | D:5      | Reached XP level 7. HP: 22/32 MP: 11/15
  4366 | Ossuary  | Entered an ossuary
  4655 | Sewer    | Entered a sewer
  4703 | Sewer    | Learned a level 4 spell: Petrify
  4890 | Sewer    | Found a white marble altar of Elyvilon.
  5280 | D:5      | Killed Pikel
  5280 | D:5      | Reached skill level 6 in Spellcasting
  5280 | D:5      | Reached XP level 8. HP: 18/36 MP: 0/18
  6605 | D:4      | Reached skill level 7 in Spellcasting
  7027 | D:6      | Found a staircase to the Ecumenical Temple.
  7043 | Temple   | Entered the Ecumenical Temple
  7195 | Temple   | Became a worshipper of Uskayaw the Reveler
  7214 | D:6      | Reached * piety under Uskayaw
  7867 | D:6      | Reached XP level 9. HP: 38/39 MP: 8/21
  7895 | D:6      | Reached skill level 8 in Spellcasting
  7895 | D:6      | Reached ** piety under Uskayaw
  8038 | D:6      | Reached *** piety under Uskayaw
  8111 | D:6      | Found a snail-covered altar of Cheibriados.
  8443 | D:6      | Found a runed door.
  8732 | D:6      | Reached skill level 1 in Short Blades
  8828 | D:6      | Noticed Crazy Yiuf
  8833 | D:6      | Killed Crazy Yiuf
  9020 | D:7      | Noticed a troll
  9136 | D:7      | Killed a troll
  9136 | D:7      | Reached skill level 9 in Spellcasting
  9401 | D:7      | Reached skill level 10 in Spellcasting
  9422 | D:7      | Found a burning altar of Makhleb.
  9433 | D:7      | Reached **** piety under Uskayaw
  9668 | D:7      | Reached skill level 11 in Spellcasting
  9671 | D:7      | Reached XP level 10. HP: 35/44 MP: 2/26
  9720 | D:7      | Found a basalt altar of Yredelemnul.
  9872 | D:7      | Found a white marble altar of Elyvilon.
  9941 | D:8      | Reached skill level 12 in Spellcasting
 10078 | D:8      | Found a staircase to the Lair.
 10091 | D:8      | Reached skill level 13 in Spellcasting
 10091 | D:8      | Reached ***** piety under Uskayaw
 10115 | D:8      | Reached ****** piety under Uskayaw
 10500 | D:8      | Reached skill level 14 in Spellcasting
 10821 | D:9      | Noticed a two-headed ogre
 10829 | D:9      | Killed a two-headed ogre
 10829 | D:9      | Reached skill level 15 in Spellcasting
 10964 | D:9      | Reached XP level 11. HP: 24/47 MP: 0/31
 11770 | D:9      | Noticed a two-headed ogre
 11936 | D:9      | Killed a two-headed ogre
 11936 | D:9      | Reached skill level 16 in Spellcasting
 12245 | D:9      | Found a sparkling altar of Nemelex Xobeh.
 12263 | D:10     | Entered Level 10 of the Dungeon
 12724 | D:10     | Noticed a two-headed ogre
 12736 | D:10     | Killed a two-headed ogre
 12736 | D:10     | Reached skill level 5 in Short Blades
 12736 | D:10     | Reached skill level 5 in Stealth
 12831 | D:10     | Paralysed by a hornet for 2 turns
 12832 | D:10     | Slain by a hornet

Vault maps used:
D:1:      roderic_crossed_star
D:3:      fedhas_altar_3
D:4:      lemuel_doored_altar, first_ration, hangedman_decor_diamond_cutter,
          uniq_robin, uniq_ijyb, uniq_blork_the_orc
D:5:      enter_ossuary_1, cheibrodos_sewer_entry_sluice, kennysheep_nub,
          grunt_ministairs_11, uniq_pikel
D:6:      nicolae_overflow_hidden_temple, minmay_temple_entry_grid,
          uniq_crazy_yiuf_cottage
D:7:      kennysheep_mini_moat, kennysheep_ying_yang, grunt_livestock
D:8:      cheibrodos_helix_gallery, minmay_lair_entry_grove
D:9:      lemuel_coloured_pillars_altar, serial_curves, eino_curves_04,
          eino_curves_01
Temple:   regret_index_temple_sphere_string
Sewer:    sewer_kobolds
Ossuary:  ossuary_the_hunt_dpeg

Skill      XL: |  1  2  3  4  5  6  7  8  9 10 11 |
---------------+----------------------------------+-----
Earth Magic    | 3 4 5 6 8 |  8.0
Spellcasting   | 3 4 5 6 7 11 15 16 | 16.4
Transmutations | 3 4 5 6 8 |  8.0
Short Blades   | 3 5 |  5.3
Stealth        | 5 |  5.3
Dodging        | |  3.0

Action                   |  1- 3 |  4- 6 |  7- 9 | 10-12 || total
-------------------------+-------+-------+-------+-------++-------
Melee: Unarmed           |   116 |    16 |    22 |     1 ||   155
       Dagger            |    26 |   165 |   111 |    70 ||   372
       Whip              |       |       |     1 |       ||     1
Throw: Throwing net      |       |       |    10 |     3 ||    13
       Stone             |       |       |     1 |       ||     1
 Cast: Sandblast         |    56 |    81 |    68 |    71 ||   276
       Confusing Touch   |       |     8 |    13 |     1 ||    22
       Passwall          |       |     1 |     8 |     1 ||    10
       Stone Arrow       |       |     4 |    93 |    74 ||   171
       Lee's Rapid Decon |       |       |    11 |    29 ||    40
       Petrify           |       |       |     6 |     3 ||     9
Evoke: Wand              |       |       |     1 |       ||     1
  Use: Potion            |       |     1 |     4 |       ||     5
       Scroll            |       |       |     5 |       ||     5
 Stab: Sleeping          |     3 |     4 |    10 |     3 ||    20
       Confused          |       |    10 |     1 |       ||    11
       Distracted        |       |     1 |       |       ||     1
       Petrified         |       |       |    17 |     8 ||    25
       Paralysed         |       |       |     3 |     4 ||     7
       Held in net/web   |       |       |     3 |     1 ||     4
       Petrifying        |       |       |       |     1 ||     1
  Eat: Ration            |       |     3 |     3 |     3 ||     9
Armor: Robe              |    13 |    15 |    10 |     8 ||    46
Dodge: Dodged            |   152 |   152 |   101 |    90 ||   495

Table legend:
 A = Spawn XP
 B = Non-spawn XP
 C = Spawn XP percentage of total XP
 D = Spawn monster count
 E = Non-spawn monster count
 F = Spawn count percentage of total count
 G = Total turns spent on level
                    A         B        C        D         E        F      G
               +---------+---------+-------+---------+---------+-------+---------
         Total |       0 |   17575 |   0.0 |       0 |     304 |   0.0 | 12832
               +---------+---------+-------+---------+---------+-------+---------
           D:1 |       0 |      68 |   0.0 |       0 |      32 |   0.0 |  1799
           D:2 |       0 |      62 |   0.0 |       0 |      23 |   0.0 |   807
           D:3 |       0 |     108 |   0.0 |       0 |      22 |   0.0 |  1125
           D:4 |       0 |     703 |   0.0 |       0 |      42 |   0.0 |  1670
           D:5 |       0 |    1183 |   0.0 |       0 |      16 |   0.0 |  1392
           D:6 |       0 |     981 |   0.0 |       0 |      27 |   0.0 |  1416
           D:7 |       0 |    2182 |   0.0 |       0 |      27 |   0.0 |   969
           D:8 |       0 |    3987 |   0.0 |       0 |      45 |   0.0 |   925
           D:9 |       0 |    4616 |   0.0 |       0 |      31 |   0.0 |  1442
          D:10 |       0 |    3410 |   0.0 |       0 |      19 |   0.0 |   569
         Sewer |       0 |     119 |   0.0 |       0 |      10 |   0.0 |   279
       Ossuary |       0 |     156 |   0.0 |       0 |      10 |   0.0 |   268
               +---------+---------+-------+---------+---------+-------+---------
